 Dungeon Crawl Stone Soup version 0.29.1-13-g9f3cf754e1 (webtiles) character file.

Game seed: 11754142390033860270

98 Thatpatchoflichen the Stinger (level 5, -3/37 HPs)
             Began as a Human Wanderer on Feb 5, 2023.
             Slain by a kobold brigand
             ... wielding a +0 club
              (8 damage)
             ... on level 3 of the Dungeon.
             The game lasted 00:08:39 (4117 turns).

Thatpatchoflichen the Stinger (Human Wanderer)      Turns: 4117, Time: 00:08:39

Health: -3/37      AC:  3    Str:  9    XL:     5   Next: 1%
Magic:  4/9        EV: 12    Int: 19    God:
Gold:   148        SH:  0    Dex: 11    Spells: 2/9 levels left

rFire   . . .      SeeInvis .   k - +1 short sword (holy)
rCold   . . .      Faith    .   (no shield)
rNeg    . . .      Spirit   .   c - +0 robe
rPois   .          Reflect  .   (no helmet)
rElec   .          Harm     .   d - +0 cloak
rCorr   .          Rampage  .   (no gloves)
Will    .....                   (no boots)
Stlth   +.........              (no amulet)
HPRegen 0.12/turn               (no ring)
MPRegen 0.11/turn               (no ring)

@: lethally poisoned (-3 -> -7), very slightly contaminated, slowed, very slow
A: no striking features
a: no special abilities


You were on level 3 of the Dungeon.
You visited 1 branch of the dungeon, and saw 3 of its levels.

You collected 148 gold pieces.

Inventory:

Hand Weapons
 a - a +0 dagger
 h - a +0 spear
 k - a +1 short sword of holy wrath (weapon)
Missiles
 n - 5 poisoned darts
 t - 3 javelins
Armour
 c - a +0 robe (worn)
 d - a +0 cloak (worn)
Magical Staves
 x - a staff of conjuration
Scrolls
 b - a scroll of blinking
 e - a scroll of torment {unknown}
 i - 6 scrolls of teleportation {unknown}
 j - 2 scrolls of brand weapon {unknown}
 m - 4 scrolls of identify {unknown}
 o - 2 scrolls of butterflies {unknown}
 s - a scroll of enchant weapon {unknown}
 u - a scroll of noise {unknown}
 v - a scroll of amnesia {unknown}
Potions
 f - 3 potions of ambrosia {unknown}
 g - a potion of heal wounds {unknown}
 l - a potion of mutation {unknown}
 p - 2 potions of cancellation {unknown}
 q - a potion of lignification {unknown}
 r - 2 potions of might {unknown}
Miscellaneous
 w - a piece from Xom's chessboard (15/15)


   Skills:
 + Level 1.6 Fighting
 + Level 2.0 Dodging
 + Level 2.6 Spellcasting
 + Level 2.0 Ice Magic
 + Level 5.3 Poison Magic
 - Level 1.0 Evocations


You had 2 spell levels left.
You knew the following spells:

 Your Spells              Type           Power      Damage    Failure   Level
a - Sting                 Tmut/Pois      48%        1d5       5%          1
b - Freeze                Ice            40%        1d6       7%          1
c - Poisonous Vapours     Pois/Air       24%        N/A       9%          2
d - Frozen Ramparts       Ice            20%        1d4       21%         3

Your spell library contained the following spells:

 Spells                   Type           Power      Damage    Failure   Level
 Ensorcelled Hibernation  Hex/Ice        12%        N/A       16%         2
 Passwall                 Tmut/Erth      1%         N/A       24%         2
 Swiftness                Air            2%         N/A       43%         3
 Corpse Rot               Necr/Pois/Air  9%         N/A       58%         4


Dungeon Overview and Level Annotations

Branches:
Dungeon (3/15)

Altars:
Makhleb
Xom

Shops:
D:2 [!=[

Annotations:
D:3 1 runed translucent door, billybob123456's ghost, amateur DrBe


Message History

a +0 dagger; 2 scrolls labelled HITWUTHRAET
Aiming: Sting (safe; 5% risk of failure)
Press: ? - help, Q - select action, (/) - cycle Shift-Dir - straight line, f - kobold brigand
Aim: a kobold brigand, wielding a +0 club and quivering curare-tipped darts (64% to hit)
The sting hits the kobold brigand.
The kobold brigand is poisoned.
The kobold brigand is lightly wounded.
The kobold brigand throws a curare-tipped dart.
The curare-tipped dart hits you.
You are poisoned.
You have difficulty breathing.
You feel yourself slow down.
Aiming: Sting (safe; 5% risk of failure)
Press: ? - help, Q - select action, (/) - cycle Shift-Dir - straight line, f/p - kobold brigand
Aim: a kobold brigand, wielding a +0 club and quivering curare-tipped darts (lightly wounded, poisoned, 64% to hit)
You miscast Sting.
You are very lightly contaminated with residual magic.
Nothing appears to happen.
You feel very sick.
Aiming: Sting (safe; 5% risk of failure)
Press: ? - help, Q - select action, (/) - cycle Shift-Dir - straight line, f/p - kobold brigand
Aim: a kobold brigand, wielding a +0 club and quivering curare-tipped darts (lightly wounded, poisoned, 64% to hit)
The sting hits the kobold brigand.
The kobold brigand looks even sicker.
The kobold brigand is lightly wounded.
You feel very sick.
The kobold brigand hits you with a +0 club.
* * * LOW HITPOINT WARNING * * *
Aiming: Sting (safe; 5% risk of failure)
Press: ? - help, Q - select action, (/) - cycle Shift-Dir - straight line, f/p - kobold brigand
Aim: a kobold brigand, wielding a +0 club and quivering curare-tipped darts (moderately wounded, very poisoned, 64% to hit)
The sting hits the kobold brigand but does no damage.
The kobold brigand looks even sicker.
The kobold brigand is moderately wounded.
* * * LOW HITPOINT WARNING * * *
You feel very sick. The kobold brigand barely misses you.
You closely miss the kobold brigand.
The kobold brigand is moderately wounded.
* * * LOW HITPOINT WARNING * * *
You feel sick. The kobold brigand closely misses you.
The kobold brigand hits you with a +0 club!
You die...

#.# #~≈≈##..# #.........#.
#.# #~~≈≈#..# #.......#...
#.# #~~≈##..# #.......#.#.
#.# #~~~#..## #########.#.
#.# ##~~#..# #.#. #.#
##~#..# #... #.# #~#..###
#... #.# ###K.#~# ###...
#.# #.@##~# ##...#. #.#
##..#~~# #...... #.#
#..##~~## #..###~ #)#
#..#≈~~~######.#...# #.#
#.)#≈≈~~.......#.⌠.# #.#
#..#≈≈~~.......#...# #.#
#..##~~#........###≈
#.#######..#~~#..........~≈
#.#.....#..#~##..........~≈


You could see a kobold brigand (very poisoned).

Vanquished Creatures
  4 adders
  A worm (D:3)
  2 dart slugs
  5 bats
  5 endoplasms
  3 giant cockroaches
  3 hobgoblins
  5 quokkas
  8 ball pythons
  4 goblins
  11 kobolds
  3 rats
54 creatures vanquished.

Notes
Turn   | Place    | Note
-------+----------+-------------------------------------------
     0 | D:1      | Thatpatchoflichen the Human Wanderer began the quest for
                  | the Orb.
     0 | D:1      | Thatpatchoflichen set off with the following items: a +0
                  | dagger, a scroll of blinking, a +0 robe, a +0 cloak; and
                  | the following spells available to memorise: Sting,
                  | Poisonous Vapours, Freeze, Frozen Ramparts, Corpse Rot.
     0 | D:1      | Reached XP level 1. HP: 13/13 MP: 3/3
     2 | D:1      | Learned a level 1 spell: Sting
     4 | D:1      | Learned a level 1 spell: Freeze
   509 | D:1      | Reached XP level 2. HP: 20/20 MP: 5/5
  1204 | D:1      | Found a faded altar of an unknown god.
  1469 | D:2      | Found Udassehi's Antique Armour Emporium.
  1519 | D:2      | Reached XP level 3. HP: 21/25 MP: 6/6
  1572 | D:2      | Learned a level 2 spell: Poisonous Vapours
  1702 | D:2      | Found Behoch's Distillery.
  1703 | D:2      | Found Aciwuuvuk's Jewellery Shop.
  2048 | D:2      | Reached skill level 1 in Fighting
  2221 | D:2      | Reached XP level 4. HP: 27/32 MP: 1/7
  2495 | D:2      | Found Oplimela's Armour Emporium.
  3014 | D:3      | Found a runed translucent door.
  3298 | D:3      | Found a shimmering altar of Xom.
  3533 | D:3      | Learned a level 3 spell: Frozen Ramparts
  3765 | D:3      | Noticed billybob123456's ghost (amateur DrBe)
  3938 | D:3      | Found a burning altar of Makhleb.
  4100 | D:3      | Reached XP level 5. HP: 37/37 MP: 8/8
  4109 | D:3      | Noticed a kobold brigand
  4117 | D:3      | Slain by a kobold brigand

Illustrated notes

Levels and vault maps discovered:
D:1:      psy_arrival_terrarium, layout_basic, nicolae_ecumenical_lake_church
D:2:      layout_loops_ring, serial_shops, shop, shop, nicolae_diamond_shop,
          shop
D:3:      cheibrodos_thug_alley, layout_basic, xom_butterflies,
          lightli_temple_of_fire, hellmonk_ghost_happy_afterlife, fountainhead

Skill      XL: |  1  2  3  4 |
---------------+-------------+-----
Fighting       | 1 |  1.6
Ice Magic      | 2 |  2.0
Dodging        | 2 |  2.0
Spellcasting   | |  2.6
Poison Magic   | |  5.3
Evocations     | |  1.0

Action                   |  1- 3 |  4- 6 || total
-------------------------+-------+-------++-------
Melee: Short sword       |    40 |    76 ||   116
       Dagger            |     2 |       ||     2
       Punch             |       |     2 ||     2
 Cast: Sting             |    46 |     6 ||    52
       Freeze            |       |     2 ||     2
 Stab: Sleeping          |       |     1 ||     1
Armor: Robe              |    21 |    14 ||    35
Dodge: Dodged            |    69 |    64 ||   133
